[ AOE2 MATCH · #505586840 ]
UnrankedLithuanians vs Bulgarians
Player's team · WIN
[ REPLAY ANALYSIS · EXTRACTED FROM THE RECORDED GAME ]
Feudal
8:50
Castle
26:06
Imperial
—
| APM avg | 70.3 |
| APM peak | 117 |
| eAPM avg | 37.9 |
| Villagers / military | 118 / 47 |
Focus
⚔️ 42.1% · 🌾 57.9%
Cavalry Archer ×30 · Scout Cavalry ×8 · Skirmisher ×5 · Mangonel ×3 · Archer ×1
Feudal
9:16
Castle
25:01
Imperial
—
| APM avg | 42.8 |
| APM peak | 72 |
| eAPM avg | 21.2 |
| Villagers / military | 71 / 36 |
Focus
⚔️ 27.8% · 🌾 72.2%
Cavalry Archer ×27 · Militia ×8 · Spearman ×1
Match map
Initial resources + every placement click. Lines = walls · curves = elevation contours. ◆ gold · ⬟ stone · ● berries · ✦ relic · ◌ wall gap
Your base· Open — opponent sealed themselves in
__97_Unknown_Arg's base· ✓ Closed at 25:01 · 34t walls · 1 gate(s)
Smoothed initial terrain · ◌ = detected wall gap · hover for details
Inputs per minute
— Rayzor - - __97_Unknown_Arg
Build order — Rayzor
First 150 of 256 actions detected
| 0:00 | Create | Villager (Male) ×5 |
| 0:01 | Create | Villager (Male) ×5 |
| 0:01 | Create | Villager (Male) |
| 0:02 | Build | House |
| 0:02 | Build | House |
| 1:25 | Create | Villager (Male) |
| 1:26 | Create | Villager (Male) |
| 1:56 | Build | Lumber Camp |
| 1:58 | Create | Villager (Male) |
| 1:58 | Create | Villager (Male) |
| 1:59 | Create | Villager (Male) |
| 2:00 | Create | Villager (Male) |
| 2:42 | Create | Villager (Male) |
| 2:57 | Create | Villager (Male) |
| 2:57 | Create | Villager (Male) |
| 3:23 | Create | Villager (Male) |
| 3:39 | Build | House |
| 3:57 | Create | Villager (Male) |
| 3:57 | Create | Villager (Male) |
| 3:57 | Create | Villager (Male) |
| 4:23 | Create | Villager (Male) |
| 4:23 | Create | Villager (Male) |
| 4:45 | Create | Villager (Male) |
| 4:45 | Create | Villager (Male) |
| 4:45 | Create | Villager (Male) |
| 4:51 | Build | Mill |
| 5:08 | Create | Villager (Male) |
| 5:09 | Create | Villager (Male) |
| 5:09 | Create | Villager (Male) |
| 5:24 | Create | Villager (Male) |
| 5:25 | Research | Loom |
| 6:13 | Research | Feudal Age |
| 6:13 | Research | Feudal Age |
| 6:18 | Build | House |
| 6:21 | Build | Palisade Wall |
| 6:22 | Build | Palisade Wall |
| 7:08 | Create | Villager (Male) |
| 7:24 | Build | Palisade Wall |
| 7:51 | Create | Villager (Male) |
| 8:12 | Build | Barracks |
| 8:19 | Build | House |
| 8:21 | Build | Barracks |
| 8:23 | Create | Villager (Male) |
| 8:50 | Age | Feudal Age |
| 9:06 | Build | Palisade Wall |
| 9:23 | Build | House |
| 9:25 | Create | Villager (Male) |
| 9:28 | Build | House |
| 9:49 | Create | Villager (Male) |
| 9:52 | Build | Archery Range |
| 9:56 | Create | Villager (Male) |
| 10:01 | Build | Farm |
| 10:12 | Build | House |
| 10:19 | Create | Villager (Male) |
| 10:19 | Create | Villager (Male) |
| 10:20 | Create | Villager (Male) |
| 10:38 | Create | Villager (Male) |
| 10:42 | Build | Farm |
| 10:42 | Build | Farm |
| 10:48 | Build | Farm |
| 11:02 | Create | Archer |
| 11:12 | Create | Villager (Male) |
| 11:19 | Build | Farm |
| 11:35 | Build | Farm |
| 11:43 | Create | Villager (Male) |
| 11:52 | Create | Skirmisher |
| 11:57 | Build | Farm |
| 12:01 | Research | Double-Bit Axe |
| 12:13 | Build | House |
| 12:16 | Build | House |
| 12:26 | Create | Villager (Male) |
| 12:34 | Build | House |
| 12:37 | Create | Skirmisher |
| 13:07 | Build | Farm |
| 13:08 | Create | Villager (Male) |
| 13:14 | Build | Lumber Camp |
| 13:27 | Build | Watch Tower |
| 13:28 | Create | Villager (Male) |
| 13:46 | Create | Villager (Male) |
| 14:06 | Create | Villager (Male) |
| 14:06 | Create | Villager (Male) |
| 14:06 | Create | Villager (Male) |
| 14:08 | Build | Farm |
| 14:09 | Build | Farm |
| 14:09 | Create | Villager (Male) |
| 14:14 | Create | Villager (Male) |
| 14:15 | Build | Farm |
| 14:22 | Create | Villager (Male) |
| 14:29 | Create | Villager (Male) |
| 14:38 | Research | Horse Collar |
| 14:39 | Create | Villager (Male) |
| 15:01 | Create | Villager (Male) |
| 15:03 | Build | Mining Camp |
| 15:20 | Create | Villager (Male) |
| 15:28 | Build | Stable |
| 15:37 | Create | Skirmisher |
| 15:45 | Create | Villager (Male) |
| 15:49 | Create | Skirmisher |
| 16:01 | Create | Villager (Male) |
| 16:12 | Create | Villager (Male) |
| 16:23 | Create | Scout Cavalry |
| 16:23 | Create | Scout Cavalry |
| 16:37 | Build | Farm |
| 16:38 | Build | Farm |
| 16:39 | Build | Farm |
| 16:41 | Create | Skirmisher |
| 16:44 | Create | Villager (Male) |
| 17:04 | Build | Watch Tower |
| 17:05 | Create | Villager (Male) |
| 17:13 | Create | Scout Cavalry |
| 17:15 | Build | Blacksmith |
| 17:27 | Build | House |
| 17:28 | Create | Villager (Male) |
| 17:34 | Create | Villager (Male) |
| 17:41 | Create | Scout Cavalry |
| 17:56 | Build | Farm |
| 17:57 | Build | Farm |
| 17:58 | Create | Villager (Male) |
| 18:28 | Create | Villager (Male) |
| 18:30 | Build | House |
| 18:47 | Create | Villager (Male) |
| 18:47 | Create | Scout Cavalry |
| 18:48 | Create | Scout Cavalry |
| 19:11 | Build | House |
| 19:13 | Build | House |
| 19:23 | Create | Villager (Male) |
| 19:27 | Build | Palisade Gate |
| 19:32 | Build | House |
| 19:41 | Create | Villager (Male) |
| 19:45 | Build | Watch Tower |
| 20:09 | Research | Wheelbarrow |
| 20:23 | Build | Palisade Wall |
| 20:24 | Build | Palisade Wall |
| 20:30 | Build | Mining Camp |
| 20:35 | Create | Scout Cavalry |
| 20:36 | Create | Scout Cavalry |
| 20:42 | Build | Mill |
| 20:42 | Build | Farm |
| 20:42 | Build | Farm |
| 20:43 | Build | Farm |
| 20:43 | Build | Farm |
| 20:43 | Build | Farm |
| 20:43 | Build | Farm |
| 20:43 | Build | Farm |
| 20:50 | Create | Villager (Male) |
| 21:16 | Build | Farm |
| 21:19 | Create | Villager (Male) |
| 22:31 | Create | Villager (Male) |
| 22:42 | Build | Market |
| 22:49 | Build | Market |
Build order — __97_Unknown_Arg
First 150 of 207 actions detected
| 0:00 | Create | Villager (Male) |
| 0:01 | Create | Villager (Male) |
| 0:01 | Create | Villager (Male) |
| 0:01 | Create | Villager (Male) |
| 0:02 | Build | House |
| 0:03 | Build | House |
| 1:34 | Create | Villager (Male) |
| 1:35 | Create | Villager (Male) |
| 2:03 | Build | Lumber Camp |
| 2:14 | Create | Villager (Male) |
| 2:34 | Create | Villager (Male) |
| 2:57 | Create | Villager (Male) |
| 2:58 | Create | Villager (Male) |
| 3:27 | Create | Villager (Male) |
| 3:35 | Build | House |
| 3:47 | Create | Villager (Male) |
| 4:12 | Create | Villager (Male) |
| 4:12 | Create | Villager (Male) |
| 4:36 | Create | Villager (Male) |
| 4:36 | Create | Villager (Male) |
| 4:36 | Create | Villager (Male) |
| 4:36 | Create | Villager (Male) |
| 5:17 | Build | Barracks |
| 5:28 | Create | Villager (Male) |
| 5:55 | Create | Villager (Male) |
| 6:04 | Build | House |
| 6:11 | Research | Loom |
| 7:06 | Research | Feudal Age |
| 7:23 | Create | Militia |
| 7:23 | Create | Militia |
| 7:34 | Create | Militia |
| 7:34 | Create | Militia |
| 8:05 | Create | Militia |
| 8:06 | Create | Militia |
| 8:11 | Build | Mill |
| 8:51 | Build | House |
| 8:52 | Create | Villager (Male) |
| 9:16 | Age | Feudal Age |
| 9:45 | Create | Villager (Male) |
| 9:56 | Build | Watch Tower |
| 10:06 | Create | Villager (Male) |
| 10:08 | Build | Farm |
| 10:12 | Create | Militia |
| 10:12 | Create | Militia |
| 10:36 | Create | Villager (Male) |
| 10:38 | Build | Farm |
| 10:39 | Build | Farm |
| 10:41 | Create | Villager (Male) |
| 10:42 | Build | House |
| 11:08 | Build | Watch Tower |
| 11:15 | Build | Watch Tower |
| 11:20 | Create | Villager (Male) |
| 11:38 | Create | Villager (Male) |
| 11:44 | Build | Mining Camp |
| 11:45 | Create | Villager (Male) |
| 12:06 | Create | Villager (Male) |
| 12:22 | Create | Villager (Male) |
| 12:54 | Create | Villager (Male) |
| 13:10 | Build | Watch Tower |
| 13:20 | Create | Villager (Male) |
| 13:46 | Build | Blacksmith |
| 13:51 | Create | Villager (Male) |
| 13:57 | Build | House |
| 14:08 | Create | Villager (Male) |
| 14:21 | Build | House |
| 14:24 | Create | Villager (Male) |
| 14:46 | Build | Watch Tower |
| 14:54 | Build | Watch Tower |
| 14:55 | Create | Villager (Male) |
| 14:57 | Build | Palisade Wall |
| 14:58 | Build | Palisade Wall |
| 14:59 | Build | Palisade Wall |
| 15:00 | Build | Palisade Wall |
| 15:01 | Build | Palisade Wall |
| 15:08 | Create | Villager (Male) |
| 15:15 | Create | Villager (Male) |
| 15:24 | Research | Fletching |
| 15:24 | Research | Fletching |
| 15:35 | Create | Villager (Male) |
| 15:37 | Build | Palisade Wall |
| 15:46 | Create | Villager (Male) |
| 15:50 | Build | Watch Tower |
| 15:50 | Create | Villager (Male) |
| 15:57 | Create | Villager (Male) |
| 16:19 | Build | Archery Range |
| 16:20 | Create | Villager (Male) |
| 16:34 | Build | Palisade Wall |
| 16:42 | Build | Palisade Wall |
| 16:43 | Build | Palisade Wall |
| 16:44 | Build | Palisade Wall |
| 16:45 | Build | Palisade Wall |
| 17:14 | Create | Villager (Male) |
| 17:24 | Build | Mining Camp |
| 17:40 | Build | Watch Tower |
| 17:52 | Build | Market |
| 17:54 | Create | Villager (Male) |
| 18:02 | Build | Farm |
| 18:03 | Build | Farm |
| 18:03 | Build | Farm |
| 18:03 | Build | Farm |
| 18:03 | Build | Farm |
| 18:46 | Create | Villager (Male) |
| 19:11 | Create | Villager (Male) |
| 19:38 | Build | Farm |
| 19:38 | Build | Farm |
| 19:38 | Build | Farm |
| 19:39 | Build | Farm |
| 19:39 | Build | Farm |
| 19:39 | Build | Farm |
| 19:41 | Build | Farm |
| 19:52 | Build | House |
| 19:53 | Build | House |
| 19:56 | Build | House |
| 20:09 | Create | Villager (Male) |
| 20:24 | Create | Villager (Male) |
| 20:43 | Create | Villager (Male) |
| 20:53 | Build | Palisade Wall |
| 20:54 | Create | Villager (Male) |
| 21:00 | Build | Palisade Wall |
| 21:05 | Build | Farm |
| 21:05 | Build | Farm |
| 21:06 | Build | Farm |
| 21:06 | Build | Farm |
| 21:06 | Build | Farm |
| 21:06 | Build | Farm |
| 21:11 | Build | Farm |
| 22:20 | Build | House |
| 22:20 | Build | House |
| 22:21 | Research | Castle Age |
| 22:21 | Research | Castle Age |
| 22:29 | Build | Archery Range |
| 22:36 | Research | Double-Bit Axe |
| 22:37 | Research | Double-Bit Axe |
| 23:25 | Research | Gold Mining |
| 23:25 | Research | Gold Mining |
| 23:25 | Research | Horse Collar |
| 23:26 | Research | Horse Collar |
| 23:50 | Build | Archery Range |
| 24:01 | Create | Spearman |
| 24:08 | Create | Villager (Male) |
| 24:39 | Build | House |
| 24:40 | Build | House |
| 24:49 | Build | Gate |
| 25:01 | Age | Castle Age |
| 25:05 | Create | Cavalry Archer |
| 25:07 | Research | Bodkin Arrow |
| 25:07 | Research | Bodkin Arrow |
| 25:09 | Create | Cavalry Archer |
| 25:09 | Create | Cavalry Archer |
| 25:15 | Create | Villager (Male) |
Match timeline
| 5:17 | __97_Unknown_Arg · first_building Barracks |
| 6:21 | Rayzor · wall_segment Palisade Wall x1 |
| 6:22 | Rayzor · wall_segment Palisade Wall x1 |
| 7:24 | Rayzor · wall_segment Palisade Wall x4 |
| 8:12 | Rayzor · first_building Barracks |
| 8:50 | Rayzor · age_up feudal |
| 9:06 | Rayzor · wall_segment Palisade Wall x10 |
| 9:16 | __97_Unknown_Arg · age_up feudal |
| 9:52 | Rayzor · first_building Archery Range |
| 14:57 | __97_Unknown_Arg · wall_segment Palisade Wall x1 |
| 14:58 | __97_Unknown_Arg · wall_segment Palisade Wall x3 |
| 14:59 | __97_Unknown_Arg · wall_segment Palisade Wall x3 |
| 15:00 | __97_Unknown_Arg · wall_segment Palisade Wall x2 |
| 15:01 | __97_Unknown_Arg · wall_segment Palisade Wall x1 |
| 15:28 | Rayzor · first_building Stable |
| 15:37 | __97_Unknown_Arg · wall_segment Palisade Wall x8 |
| 16:19 | __97_Unknown_Arg · first_building Archery Range |
| 16:34 | __97_Unknown_Arg · wall_segment Palisade Wall x9 |
| 16:42 | __97_Unknown_Arg · wall_segment Palisade Wall x1 |
| 16:43 | __97_Unknown_Arg · wall_segment Palisade Wall x3 |
| 16:44 | __97_Unknown_Arg · wall_segment Palisade Wall x3 |
| 16:45 | __97_Unknown_Arg · wall_segment Palisade Wall x1 |
| 20:23 | Rayzor · wall_segment Palisade Wall x1 |
| 20:24 | Rayzor · wall_segment Palisade Wall x1 |
| 20:53 | __97_Unknown_Arg · wall_segment Palisade Wall x1 |
| 21:00 | __97_Unknown_Arg · wall_segment Palisade Wall x1 |
| 22:02 | __97_Unknown_Arg · first_market_buy 100 food |
| 22:06 | __97_Unknown_Arg · first_market_sell 100 stone |
| 25:01 | __97_Unknown_Arg · age_up castle |
| 25:56 | __97_Unknown_Arg · first_building Stable |
| 26:06 | Rayzor · age_up castle |
| 28:38 | __97_Unknown_Arg · first_building Siege Workshop |
| 29:38 | Rayzor · first_building Siege Workshop |
| 31:40 | Rayzor · first_market_sell 100 wood |
| 31:43 | __97_Unknown_Arg · resign |
[ AI ANALYSIS · 1 CREDIT ]
What really happened in this match?
Wolo.gg analyzes every decision: build order, eco, micro, common mistakes by bracket. Personalized analysis on WhatsApp or Discord in 30 seconds.
Civ guide
Lithuanians
Perfil
Rayzor